Selects Airborne Battlegroup
Selects Heavy Machine Gun Paradrop
Heavy Machine Gun Paradrop
Heavy Machine Gun Paradrop
Heavy Machine Gun Paradrop
Selects Paratrooper Squad Paradrop
Paratrooper Squad Paradrop
Paratrooper Squad Paradrop
Construct Medical Station
Selects Anti-tank Gun Team Paradrop
Paratrooper Squad Paradrop
Anti-tank Gun Team Paradrop
Heavy Machine Gun Paradrop
Selects Paradrop Reinforcements
Construct Weapon Support Center
Heavy Machine Gun Paradrop
Paratrooper Squad Paradrop
Paratrooper Squad Paradrop
Paratrooper Squad Paradrop
Heavy Machine Gun Paradrop
Selects Carpet Bombing Run
Paratrooper Squad Paradrop
Heavy Machine Gun Paradrop
Paratrooper Squad Paradrop